 Dungeon Crawl Stone Soup version 0.23.1-37-gaa34b87 (webtiles) character file.

Game seed: 12425865759275142658

126 snowfan the Conjurer (level 4, -2/30 HPs)
             Began as a Mummy Conjurer on Mar 25, 2019.
             Slain by Sigmund
             ... wielding a +0 scythe
              (11 damage)
             ... on level 3 of the Dungeon.
             The game lasted 00:09:57 (4408 turns).

snowfan the Conjurer (Mummy Conjurer)               Turns: 4408, Time: 00:09:58

Health: -2/30      AC:  3    Str: 11    XL:     4   Next: 84%
Magic:  7/8        EV: 12    Int: 15    God:
Gold:   112        SH:  0    Dex: 12    Spells: 7/8 levels left

rFire    x . .     SeeInvis .   b - +0 dagger
rCold    + . .     Gourm    .   (no shield)
rNeg     + + +     Faith    .   a - +0 robe
rPois    ∞         Spirit   .   (no helmet)
rElec    .         Reflect  .   h - +0 cloak
rCorr    .         Harm     .   (no gloves)
MR       .....                  (no boots)
Stlth    ++........             m - amulet of magic regeneration
HPRegen  0.10/turn              (no ring)
MPRegen  0.36/turn              (no ring)

@: no status effects
A: no food or potions, fire vulnerability, cold resistance 1, negative energy
resistance 3, torment resistance, unbreathing
a: no special abilities


You were on level 3 of the Dungeon.
You were not hungry.

You visited 1 branch of the dungeon, and saw 3 of its levels.

You collected 112 gold pieces.

Inventory:

Hand Weapons
 b - a +0 dagger (weapon)
Missiles
 g - 70 stones (quivered)
 l - 16 sling bullets
Armour
 a - a +0 robe (worn)
 h - a +0 cloak (worn)
Jewellery
 m - an amulet of magic regeneration (around neck)
Scrolls
 c - 2 scrolls of noise {unknown}
 d - a scroll of magic mapping {unknown}
 e - a scroll of fog {unknown}
 f - 2 scrolls of identify {unknown}
 i - a scroll of random uselessness {unknown}
 j - a scroll of remove curse {unknown}
 k - a scroll of enchant weapon {unknown}


   Skills:
 - Level 1.5 Dodging
 - Level 1.5 Stealth
 - Level 2.6 Spellcasting
 + Level 5.2 Conjurations


You had 7 spell levels left.
You knew the following spells:

 Your Spells              Type           Power        Failure   Level  Hunger
a - Magic Dart            Conj           ###.         2%          1    N/A

Your spell library contained the following spells:

 Spells                   Type           Power        Failure   Level  Hunger
 Searing Ray              Conj           ###...       3%          2    N/A
 Dazzling Spray           Conj/Hex       #.....       22%         3    N/A
 Iskenderun's Mystic Bla  Conj           ###.....     24%         4    N/A
 Force Lance              Conj/Tloc      #.......     56%         4    N/A
 Fulminant Prism          Conj/Hex       #.........   56%         4    N/A

Dungeon Overview and Level Annotations

Branches:
Dungeon (3/15)

Altars:
Nemelex Xobeh
Ru
Zin
The Shining One

Annotations:
D:3 Sigmund


Innate Abilities, Weirdness & Mutations

You do not eat or drink.
Your flesh is vulnerable to fire.
You are immune to poison.
Your flesh is cold resistant. (rC+)
You are immune to negative energy. (rN+++)
You are immune to unholy pain and torment.
You can survive without breathing.


Message History

Press: ? - help, Shift-Dir - straight line The magic dart hits something but does no damage.
You hear some strange, mumbled words.
You are confused.
You're too confused to cast spells.
You bump into the rock wall.
A magic dart appears from out of thin air!
The magic dart hits you! Something hits you.
You bump into the rock wall.
Something hits you but does no damage.
You barely miss something. You completely miss something.
You hear some strange, mumbled words.
A puff of flame appears from out of thin air!
The puff of flame hits you. The fire burns you terribly!
* * * LOW HITPOINT WARNING * * *
You closely miss something.
You feel less confused. Something hits you!
You die...

...[)......#######
########.....÷...##
#########..####...#
####
................#
#...##
.!....)........##
#.....#
############...##
.[..... #...)#
......%
#....###.......
##....@{.÷.....#
###....####...$...
##......## ......(
#........## .......
##.........###.....#
#...........# #...##
#...........# ####
#...........#
#######...........#


There were no monsters in sight!

Vanquished Creatures
  5 adders
  3 worms
  5 dart slugs
  3 giant cockroaches
  5 goblins
  9 hobgoblins
  4 jackals (D:1)
  5 kobolds
  2 quokkas (D:3)
  2 ball pythons (D:3)
  4 bats
  7 frilled lizards
  12 rats
66 creatures vanquished.

Notes
Turn   | Place    | Note
-------+----------+-------------------------------------------
     0 | D:1      | snowfan the Mummy Conjurer began the quest for the Orb.
     0 | D:1      | Reached XP level 1. HP: 13/13 MP: 4/4
     1 | D:1      | Noticed a spriggan
     2 | D:1      | Noticed a tengu
     4 | D:1      | Noticed an octopode
     4 | D:1      | Noticed a human
     6 | D:1      | Noticed a troll
     6 | D:1      | Noticed an ogre
     8 | D:1      | Noticed a demonspawn
     8 | D:1      | Noticed a merfolk
    10 | D:1      | Noticed a minotaur
    10 | D:1      | Noticed a felid
    12 | D:1      | Noticed an elf
    14 | D:1      | Noticed a gargoyle
    14 | D:1      | Noticed a demigod
    16 | D:1      | Noticed a vine stalker
    16 | D:1      | Noticed a halfling
    18 | D:1      | Noticed a vampire
    20 | D:1      | Noticed a dwarf
    20 | D:1      | Noticed a draconian
    22 | D:1      | Noticed a naga
    24 | D:1      | Noticed a ghoul
    24 | D:1      | Noticed a formicid
    26 | D:1      | Noticed a centaur
   252 | D:1      | Reached XP level 2. HP: 19/19 MP: 3/5
   714 | D:1      | Reached skill level 4 in Conjurations
  1214 | D:1      | Reached XP level 3. HP: 18/24 MP: 1/7
  1625 | D:1      | You fall through a shaft!
  2827 | D:2      | Reached XP level 4. HP: 9/30 MP: 0/8
  3434 | D:2      | Found a sacrificial altar of Ru.
  3435 | D:2      | Found a glowing golden altar of the Shining One.
  3436 | D:2      | Found a glowing silver altar of Zin.
  3817 | D:3      | Reached skill level 5 in Conjurations
  4053 | D:3      | Found a sparkling altar of Nemelex Xobeh.
  4189 | D:3      | Noticed Sigmund
  4408 | D:3      | Slain by Sigmund

Skill      XL: |  1  2  3  4 |
---------------+-------------+-----
Conjurations   | 4 5 |  5.2
Dodging        | |  1.5
Stealth        | |  1.5
Spellcasting   | |  2.6

Action                   |  1- 3 |  4- 6 || total
-------------------------+-------+-------++-------
Melee: Dagger            |    68 |     7 ||    75
Throw: Stone             |       |     2 ||     2
 Cast: Magic Dart        |   119 |    59 ||   178
 Stab: Sleeping          |     1 |       ||     1
Armor: Robe              |    15 |     3 ||    18
Dodge: Dodged            |    72 |     8 ||    80
